 Dungeon Crawl Stone Soup version 0.29-a0-323-g050149af67 (webtiles) character file.

Game seed: 18437778991324715764

4531 SBUDELSKY the Cleaver (level 10, -2/90 HPs)
             Began as a Minotaur Monk on Apr 10, 2022.
             Was an Initiate of Yredelemnul.
             Slain by an orc warrior
             ... wielding a +0 battleaxe
              (15 damage)
             ... on level 8 of the Dungeon.
             The game lasted 01:09:08 (7514 turns).

SBUDELSKY the Cleaver (Minotaur Monk)               Turns: 7514, Time: 01:09:08

Health: -2/90      AC: 12    Str: 20    XL:     10   Next: 17%
Magic:  9/9        EV: 14    Int: 13    God:    Yredelemnul [......]
Gold:   424        SH:  0    Dex: 16    Spells: 9/9 levels left

rFire   . . .      SeeInvis .   Y - +0 hand axe (drain)
rCold   . . .      Faith    .   (no shield)
rNeg    . . .      Spirit   .   B - +2 ring mail "Veynesij" {Str+3}
rPois   .          Reflect  .   (helmet restricted)
rElec   .          Harm     .   (no cloak)
rCorr   .          Rampage  .   (no gloves)
Will    .....                   (no boots)
Stlth   ++........              H - amulet of regeneration
HPRegen 1.05/turn               I - +6 ring of intelligence
MPRegen 0.11/turn               R - +4 ring of protection

@: attractive
A: horns 2, retaliatory headbutt
a: Renounce Religion, Recall Undead Harvest


You were on level 8 of the Dungeon.
You worshipped Yredelemnul.
Yredelemnul was noncommittal.
You visited 1 branch of the dungeon, and saw 8 of its levels.

You collected 424 gold pieces.

Inventory:

Hand Weapons
 j - a +4 dagger
 t - a +2 short sword of speed
 w - a +1 vorpal spear
 N - a +0 mace
 Y - a +0 hand axe of draining (weapon)
 Z - a +0 mace of holy wrath
Missiles
 s - 59 stones (quivered)
 O - 4 boomerangs
Armour
 z - a +0 ring mail
 B - the +2 ring mail "Veynesij" (worn) {Str+3}
   (You found it on level 2 of the Dungeon)

   Str:       It affects your strength (+3).
 C - a +0 chain mail
 F - the +0 leather armour of Inevitability {rElec rCorr}
   (You found it on level 3 of the Dungeon)

   rElec:     It insulates you from electricity.
   rCorr:     It protects you from acid and corrosion.
 G - a +0 chain mail
 S - a +0 pair of gloves
 T - a +0 pair of boots
 W - a +0 ring mail
Magical Staves
 e - a staff of fire
 K - a staff of earth
Jewellery
 i - a ring of wizardry
 o - a ring of flight
 H - an amulet of regeneration (around neck)
 I - a +6 ring of intelligence (left hand)
 R - a +4 ring of protection (right hand)
 V - a ring of protection from cold
Wands
 U - a wand of iceblast (8)
 X - a wand of polymorph (8)
Scrolls
 g - 2 scrolls of enchant weapon {unknown}
 k - a scroll of fear {unknown}
 l - 8 scrolls of identify {unknown}
 m - 5 scrolls of teleportation {unknown}
 p - 2 scrolls of silence {unknown}
 q - a scroll of enchant armour {unknown}
 r - 2 scrolls of summoning {unknown}
 u - 3 scrolls of amnesia {unknown}
 y - 2 scrolls of fog {unknown}
 D - a scroll of holy word {unknown}
 J - a scroll of immolation {unknown}
 L - a scroll of noise {unknown}
 P - 4 scrolls of magic mapping {unknown}
Potions
 a - 2 potions of brilliance {unknown}
 b - 2 potions of resistance {unknown}
 c - 2 potions of ambrosia
 d - 7 potions of curing
 f - 2 potions of might {unknown}
 h - 2 potions of attraction
 n - a potion of berserk rage {unknown}
 v - a potion of mutation {unknown}
 x - 2 potions of cancellation {unknown}
 A - 5 potions of heal wounds {unknown}
 M - a potion of flight {unknown}
 Q - 2 potions of invisibility {unknown}


   Skills:
 + Level 8.5 Fighting
 + Level 4.8 Short Blades
 + Level 9.4(10.0) Axes
 + Level 4.9(7.8) Maces & Flails
 + Level 0.2 Throwing
 + Level 7.3 Armour
 + Level 7.0 Dodging
 + Level 4.0 Stealth


You had 9 spell levels left.
You didn't know any spells.
Your spell library contained the following spells:

 Spells                   Type           Power      Damage    Failure   Level
 Ensorcelled Hibernation  Hex/Ice        0%         N/A       58%         2
 Call Canine Familiar     Summ           0%         N/A       82%         3
 Portal Projectile        Hex/Tloc       0%         N/A       82%         3
 Spider Form              Tmut/Pois      0%         N/A       82%         3
 Anguish                  Hex/Necr       0%         N/A       99%         4
 Leda's Liquefaction      Hex/Erth       0%         N/A       99%         4


Dungeon Overview and Level Annotations

Branches:
Dungeon (8/15)             Temple (0/1) D:5
   Lair: D:8-11

Altars:
Ashenzari
Elyvilon
Hepliaklqana
Okawaru
Ru
Sif Muna
Uskayaw
Xom
Yredelemnul

Shops:
D:1 ?   D:4 ?   D:8 !

Annotations:
D:8 1 transporter, SirDiesAlot's ghost, novice MiWr


Innate Abilities, Weirdness & Mutations

You have a pair of horns on your head.
You reflexively headbutt those who attack you in melee.


Message History

The bullfrog closely misses you. You furiously retaliate!
You headbutt the bullfrog!
You kill the bullfrog!
A black mist starts to gather...
SirDiesAlot's ghost hits your centaur warrior zombie!
Your centaur warrior zombie is destroyed!
The orc warrior completely misses you. You furiously retaliate!
You headbutt the orc warrior, but do no damage.
The gnoll sergeant hits you from afar with a +2 vorpal trident!
* * * LOW HITPOINT WARNING * * *
x2 You hear a loud, deep croak!
The gnoll sergeant is attracted toward you.
You feel better.
Your bullfrog zombie barely misses SirDiesAlot's ghost.
The gnoll sergeant barely misses you. You furiously retaliate!
You headbutt the gnoll sergeant, but do no damage.
The orc warrior hits you with a +0 battleaxe!
* * * LOW HITPOINT WARNING * * *
You hit the gnoll sergeant.
The gnoll sergeant is lightly wounded.
You barely miss the orc warrior.
Your bullfrog zombie hits something but does no damage.
You hit the orc warrior but do no damage.
You headbutt the orc warrior.
The orc warrior is almost dead.
You hit the gnoll sergeant.
Something barely misses your bullfrog zombie.
The gnoll sergeant misses you. You furiously retaliate!
You headbutt the gnoll sergeant. The orc warrior barely misses you.
Your bullfrog zombie hits something but does no damage.
You barely miss the orc warrior.
The orc warrior is almost dead.
You slash the gnoll sergeant!
Your bullfrog zombie hits something but does no damage.
Something hits your bullfrog zombie.
The gnoll sergeant hits you with a +2 vorpal trident!
* * * LOW HITPOINT WARNING * * *
x2 The orc warrior hits you with a +0 battleaxe!
You die...
Your body rises from the dead as a mindless zombie.

....##Z###...........#####......#
.....##.............##...##......
≈≈....#.......###..##.###.##.....
≈≈≈...####....##..##≈.....≈##....
..≈≈.....#....#..##8≈....≈.8##...
>.≈≈..._.#......##Z.#.###.#≈.##..
..≈≈.....#.....##....##/##....##.
≈≈≈...####..#..#g#F.##?..##.W#c#.
≈≈....#........#@#!.#...[F#≈.#o#.
.....##........#o#≈$l#....#.≈#J#.
....##.........##...$##J##....##.
..###........#..##..#.###.#≈≈##..
###...#..........##8...≈.≈.8##..#
..................##..≈....##..##
.............##.#..##.###.##..##
..............#.....##...##..##
....?.......#.#......#####..##


You could see a basilisk, an orc warrior (drained), a gnoll sergeant, a bullfrog
and a friendly bullfrog zombie.

Vanquished Creatures
  A centaur warrior (D:8)
  A slime creature (D:8)
  A steam dragon (D:6)
  2 water moccasins
  An acid dragon (D:8)
  3 sky beasts
  A black bear (D:8)
  2 ogres
  A centaur (D:8)
  4 bullfrogs
  4 scorpions
  2 necrophages (D:6)
  3 wights (D:8)
  A howler monkey (D:7)
  3 gnoll shamans
  5 hounds
  A jelly (D:6)
  2 orc priests
  Terence (D:2)
  5 orc wizards
  11 gnolls
  5 adders
  A river rat (D:3)
  A shadow imp (D:5)
  2 white imps (D:6)
  A worm (D:2)
  A dart slug (D:3)
  22 orcs
  8 ball pythons
  6 endoplasms
  3 giant cockroaches
  3 goblins
  6 jackals
  3 quokkas
  7 bats
  4 frilled lizards
  6 kobolds
  10 rats
144 creatures vanquished.

Vanquished Creatures (collateral kills)
  A two-headed ogre (D:6)
  A black bear (D:4)
  An ice beast (D:7)
  An ogre (D:6)
  A bullfrog (D:8)
  A scorpion (D:5)
  A jelly (D:6)
  A hound (D:5)
  An orc wizard (D:6)
  2 adders (D:6)
  An ufetubus (D:6)
  A gnoll zombie (D:8)
  2 orcs (D:6)
  A giant cockroach (D:4)
16 creatures vanquished.

Vanquished Creatures (others)
  A centaur zombie (D:8)
  2 bullfrog zombies
  2 orc wizards (D:5)
  A necrophage zombie (D:6)
  4 hound zombies
  A spectral jelly (D:6)
  8 orc zombies
  A gnoll zombie (D:8)
20 creatures vanquished.

Grand Total: 180 creatures vanquished

Notes
Turn   | Place    | Note
-------+----------+-------------------------------------------
     0 | D:1      | SBUDELSKY the Minotaur Monk began the quest for the Orb.
     0 | D:1      | Reached XP level 1. HP: 19/19 MP: 0/0
   122 | D:1      | Reached XP level 2. HP: 27/27 MP: 1/1
   281 | D:1      | Found Etexy's Magic Scroll Shop.
   892 | D:2      | Noticed Terence
   904 | D:2      | Killed Terence
   905 | D:2      | Reached XP level 3. HP: 13/33 MP: 2/2
  1223 | D:2      | Identified the +2 ring mail "Veynesij" {Str+3}
  1387 | D:2      | Reached XP level 4. HP: 30/41 MP: 3/3
  1670 | D:3      | Identified the +0 leather armour of Inevitability {rElec
                  | rCorr}
  1763 | D:3      | Reached skill level 1 in Short Blades
  1928 | D:3      | Found a glowing drain.
  1974 | D:3      | Reached XP level 5. HP: 35/47 MP: 4/4
  1986 | D:3      | Reached skill level 1 in Armour
  2611 | D:4      | Found a basalt altar of Yredelemnul.
  2635 | D:4      | Became a worshipper of Yredelemnul the Dark
  2635 | D:4      | Reached * piety under Yredelemnul
  2635 | D:4      | Reached ** piety under Yredelemnul
  2713 | D:4      | Noticed a black bear
  2724 | D:4      | Killed a black bear
  2725 | D:4      | Reached XP level 6. HP: 36/55 MP: 5/5
  3022 | D:4      | Found Asoxah's Magic Scroll Emporium.
  3142 | D:5      | Entered Level 5 of the Dungeon
  3142 | D:5      | Noticed a sky beast
  3158 | D:5      | Reached skill level 5 in Fighting
  3167 | D:5      | Killed a sky beast
  3435 | D:5      | Reached XP level 7. HP: 60/61 MP: 6/6
  3823 | D:5      | Found a staircase to the Ecumenical Temple.
  3842 | D:5      | Reached skill level 1 in Axes
  4285 | D:6      | Reached skill level 2 in Axes
  4308 | D:6      | Reached XP level 8. HP: 70/70 MP: 7/7
  4368 | D:6      | Reached skill level 5 in Dodging
  4386 | D:6      | Noticed a two-headed ogre
  4394 | D:6      | Reached skill level 3 in Axes
  4420 | D:6      | Killed a two-headed ogre
  4421 | D:6      | Reached skill level 6 in Axes
  4421 | D:6      | Reached skill level 5 in Armour
  4649 | D:6      | Reached XP level 9. HP: 61/77 MP: 8/8
  4719 | D:6      | Found a large runed translucent door.
  4719 | D:6      | Found a large runed translucent door.
  5008 | D:6      | Reached skill level 7 in Axes
  5187 | D:6      | Found an iron altar of Okawaru.
  5192 | D:6      | Found a shimmering altar of Xom.
  5887 | D:7      | Reached skill level 8 in Axes
  6671 | D:8      | Noticed SirDiesAlot's ghost (novice MiWr)
  6672 | D:8      | Noticed a centaur warrior
  6683 | D:8      | Found a transporter.
  6695 | D:8      | Found a transporter.
  6768 | D:8      | Found a white marble altar of Elyvilon.
  6776 | D:8      | Found a hide-covered altar of Uskayaw.
  6829 | D:8      | Found a hazy altar of Hepliaklqana.
  6830 | D:8      | Found a broken altar of Ashenzari.
  6842 | D:8      | Found a sacrificial altar of Ru.
  7122 | D:8      | Found Rohustow's Distillery.
  7293 | D:8      | Found a shimmering blue altar of Sif Muna.
  7489 | D:8      | Reached skill level 9 in Axes
  7497 | D:8      | Killed a centaur warrior
  7498 | D:8      | Reached XP level 10. HP: 58/90 MP: 9/9
  7514 | D:8      | Slain by an orc warrior

Illustrated notes

Levels and vault maps discovered:
D:1:      wheals_arrival_shading, layout_basic, serial_shops,
          nicolae_shop_waterfront
D:2:      layout_loops_ring, hangedman_decor_push, uniq_terence
D:3:      layout_basic, portal_sewer_entry_c
D:4:      layout_rooms, overflow_temple_1_default, serial_shops, shop,
          minmay_misc_feat_encased
D:5:      layout_cave_pods, temple_green
D:6:      minmay_chambers_of_fours, layout_basic, jmf_multi_god_temple2,
          kennysheep_potato
D:7:      layout_layer_cave
D:8:      layout_rooms, tgw_sif, nicolae_overflow_hallway_of_the_gods,
          serial_shops, nicolae_shop_competitors_out_of_business,
          nzn_ghost_randoct, serial_curves, eino_curves_02, eino_curves_02,
          kennysheep_small_circle

Skill      XL: |  1  2  3  4  5  6  7  8  9 10 |
---------------+-------------------------------+-----
Fighting       | 4 5 6 7 8 |  8.5
Maces & Flails | 4 |  4.9
Stealth        | 2 3 4 |  4.0
Short Blades   | 2 3 4 |  4.8
Armour         | 2 3 4 5 7 |  7.3
Dodging        | 4 5 6 7 |  7.0
Axes           | 2 6 9 |  9.4
Throwing       | |  0.2

Action                   |  1- 3 |  4- 6 |  7- 9 | 10-12 || total
-------------------------+-------+-------+-------+-------++-------
Melee: Mace              |    40 |       |       |       ||    40
       Short sword       |    45 |   113 |       |       ||   158
       Headbutt          |     5 |    19 |    64 |     6 ||    94
       Hand axe          |       |     4 |   274 |    13 ||   291
       Punch             |       |       |     3 |       ||     3
Throw: Stone             |       |     1 |       |       ||     1
  Use: Potion            |       |       |     2 |     2 ||     4
 Stab: Sleeping          |     3 |     2 |     2 |       ||     7
Armor: Robe              |     9 |       |       |       ||     9
       Scale mail        |     8 |       |       |       ||     8
       Ring mail         |     5 |    38 |   141 |     1 ||   185
Dodge: Dodged            |    44 |    56 |   212 |    15 ||   327

Table legend: (Time is in decaauts)
 A = Elapsed time spent in this place.
 B = Non-inter-level travel time spent in this place.
 C = Inter-level travel time spent in this place.
 D = Time resting spent in this place.
 E = Time spent auto-exploring this place.
 F = Levels seen in this place.
 G = Mean time per level.
                   A        B        C        D        E       F      G
               +--------+--------+--------+--------+--------+-----+--------+
         Total |   7455 |   7455 |      0 |    148 |      0 |   8 |  931.9 |
       Dungeon |   7455 |   7455 |      0 |    148 |      0 |   8 |  931.9 |
               +--------+--------+--------+--------+--------+-----+--------+

Top non-repeatable levels by time:
     D:6: 1262 daAuts
     D:7: 1107 daAuts
     D:5: 1073 daAuts
     D:3: 931 daAuts
     D:8: 901 daAuts
     D:1: 900 daAuts
     D:2: 758 daAuts
     D:4: 520 daAuts
